 Dungeon Crawl Stone Soup version 0.11.3 (webtiles) character file.

409 CrazyArbalest the Shield-Bearer (level 6, -1/53 HPs)
             Began as a Hill Orc Fighter on Nov 30, 2021.
             Slain by a centaur (5 damage)
             ... on Level 5 of the Dungeon on Dec 1, 2021.
             The game lasted 00:28:38 (4958 turns).

CrazyArbalest the Shield-Bearer (Hill Orc Fighter)  Turns: 4958, Time: 00:28:38

HP  -1/53        AC  7     Str 19      XL: 6   Next: 10%
MP   5/5         EV  6     Int  8      God:
Gold 203         SH 20     Dex 12      Spells:  0 memorised,  5 levels left

Res.Fire  : . . .   See Invis. : .   a - +0 orc hand axe {=f}
Res.Cold  : . . .   Warding    : .   b - +0 orc scale mail
Life Prot.: . . .   Conserve   : .   c - +0 orc shield
Res.Poison: .       Res.Corr.  : .   (no helmet)
Res.Elec. : .       Clarity    : .   (no cloak)
Sust.Abil.: . .     Spirit.Shd : .   (no gloves)
Res.Mut.  : .       Stasis     : .   (no boots)
Res.Rott. : .       Ctrl.Telep.: .   (no amulet)
Saprovore : + . .   Levitation : .   (no ring) Ctrl.Flight: .
                                     (no ring)

@: slightly resistant to hostile enchantments, extremely unstealthy
A: saprovore 1
a: no special abilities


You were on level 5 of the Dungeon.
You were near starving.

You visited 1 branch of the dungeon, and saw 5 of its levels.

You collected 183 gold pieces.

Inventory:

Hand weapons
 a - a +0,+0 orcish hand axe (weapon) {=f}
 A - a cursed -3,-2 orcish morningstar
 C - a +0,+1 orcish spiked flail
Missiles
 m - 66 bolts
 G - 19 silver bolts
Armour
 b - a +0 orcish scale mail (worn)
 c - a +0 orcish shield (worn)
Magical devices
 w - a wand of frost (0)
Comestibles
 d - 4 meat rations
 j - 2 apples
 r - a pear
 u - 2 bread rations
Scrolls
 f - 2 scrolls of remove curse
 g - 4 scrolls of magic mapping
 h - a scroll of enchant weapon II {unknown}
 i - a scroll of curse weapon {unknown}
 l - 2 scrolls of fog {unknown}
 s - 2 scrolls of amnesia {unknown}
 x - 3 scrolls of blinking
 y - a scroll of enchant armour {unknown}
 z - a scroll of recharging {unknown}
 E - a scroll of noise {unknown}
Potions
 k - 2 potions of confusion {unknown}
 o - a potion of might {unknown}
 p - a potion of invisibility {unknown}
 q - 2 potions of heal wounds {unknown}
 t - 3 potions of agility
 v - 3 potions of curing


   Skills:
 + Level 4.2 Fighting
 + Level 3.2 Axes
 + Level 4.3 Armour
 + Level 2.1 Dodging
 + Level 4.4 Shields
 + Level 0.2 Traps & Doors
 + Level 0.5 Evocations


You had 5 spell levels left.
You didn't know any spells.

Dungeon Overview and Level Annotations

Branches:
Dungeon (5/27)
 Temple: D:4-7

Altars:

Annotations
D:4 Us3rname's ghost, average HOBe


Innate Abilities, Weirdness & Mutations

You can tolerate rotten meat.


Message History

You see here an arrow.
The centaur shoots an arrow.
The arrow hits you!
You see here an arrow.
The centaur shoots an arrow.
The arrow hits you!
* * * LOW HITPOINT WARNING * * *
You see here an arrow.
The centaur shoots an arrow.
The arrow hits you!
* * * LOW HITPOINT WARNING * * *
You see here an arrow.
The centaur shoots an arrow.
You block the arrow.
You see here an arrow.
The centaur unwields an uncursed bow.
You block the centaur's attack.
The centaur hits you but does no damage.
You see here an arrow.
You closely miss the centaur. The centaur hits you.
* * * LOW HITPOINT WARNING * * *
You hit the centaur.
The centaur is lightly wounded.
The centaur hits you.
You die...

#.............#l.......# #.#.#
####.......####........# #.#.# #
#.#.................# #.#.#.#
#.#.########........# #.#.#.#
####.#.#<......############.....#
.....#.#.#####..........l.......#
.....#.#......##############....#
.....#.#.####....cOz.#....##l.?.#
.....#.#$# #.##@###(#.##.......#
.....#.#.# ..##(# #.#...###....#
.....#.#.# ..##.#.#O###.# #.....
.....#.#.# #..##.#..z(.#l# ######
.....#.#.# )..##.#$#.#(#.#
####.#.#l# #.###.#.#.#.#.#
l....#.#.# .....# #[#.#.#
######.#.#........ #.#.l.#
.................. ..#####


You could see an ogre, a centaur and a hound zombie.

Vanquished Creatures
  A scorpion (D:5)
  A worker ant (D:4)
  4 adders
  2 gnolls (D:2)
  4 giant geckos
  An ooze (D:2)
  6 orcs
  9 goblins
  15 hobgoblins
  6 kobolds
  2 ball pythons
  12 bats
  4 giant cockroaches
  6 giant newts
  An orc skeleton (D:3)
  15 rats
89 creatures vanquished.

Vanquished Creatures (others)
  A gnoll (D:2)
1 creature vanquished.

Grand Total: 90 creatures vanquished

Notes
Turn   | Place    | Note
--------------------------------------------------------------
     0 | D:1      | CrazyArbalest, the Hill Orc Fighter, began the quest for the Orb.
     0 | D:1      | Reached XP level 1. HP: 19/19 MP: 0/0
   318 | D:1      | Reached XP level 2. HP: 24/26 MP: 1/1
   444 | D:1      | Reached skill level 4 in Fighting
   874 | D:1      | Reached XP level 3. HP: 29/33 MP: 2/2
  1501 | D:2      | Reached XP level 4. HP: 37/40 MP: 3/3
  1527 | D:2      | Reached skill level 1 in Dodging
  1692 | D:2      | HP: 2/40 [gnoll (2)]
  1698 | D:2      | HP: 1/40 [gnoll/ stone]
  2247 | D:3      | You fall through a shaft!
  2247 | D:5      | Entered Level 5 of the Dungeon
  2309 | D:5      | Reached XP level 5. HP: 46/46 MP: 4/4
  3272 | D:3      | Reached XP level 6. HP: 48/53 MP: 5/5
  3795 | D:4      | Noticed Us3rname's ghost (average HOBe)
  3880 | D:4      | Noticed an ogre
  3966 | D:4      | Noticed an ogre
  4066 | D:4      | Noticed an ogre
  4944 | D:5      | Noticed a centaur
  4958 | D:5      | Slain by a centaur
